Map: Ruins of Seras

Players

Kelazhur

  • Race: Terran Terran
  • League: Master

AcerBly (Bly) - Winner!

  • Race: Zerg Zerg
  • League: Master

Event: DreamHack ZOWIE Open Leipzig

VOD

Have the link to the VOD?

Description

Time

  • Played on: Jan. 22, 2016, 8:21 a.m.
  • Length: 7:30

All games in this series

Show
View Real Time Build Order
Export as new Build Order

Kelazhur Terran 

Build Orders: Mass Reaper 

Get SALT Encoding   

  12  0:00  SCV  
  13  0:13  SCV  
  14  0:18  Supply Depot  
  14  0:25  SCV  
  15  0:39  SCV  
  15  0:41  Barracks  
  16  0:46  Refinery  
  16  0:51  SCV  
  17  1:04  SCV  
  18  1:16  SCV  
  19  1:28  Barracks Reactor, Orbital Command  
  19  1:43  Command Center  
  19  1:51  Supply Depot  
  19  1:55  SCV  
  20  2:06  Reaper x2  
  22  2:08  SCV  
  22  2:12  Refinery  
  23  2:20  SCV  
  24  2:33  SCV  
  25  2:38  Reaper  
  25  2:39  Reaper  
  27  2:45  SCV  
  28  2:56  Orbital Command  
  28  2:57  SCV  
  29  2:59  Factory  
  29  3:09  SCV  
  29  3:10  Reaper  
  31  3:18  Reaper  
  32  3:21  SCV x2  
  33  3:33  SCV x2  
  35  3:43  Starport  
  35  3:45  SCV x2  
  37  3:54  Hellion x2  
  41  3:56  Command Center  
  41  3:57  SCV  
  41  4:01  Supply Depot  
  42  4:06  SCV  
  43  4:14  Barracks Tech Lab  
  43  4:15  SCV  
  43  4:16  Hellion  
  46  4:19  Liberator  
  46  4:23  Hellion  
  46  4:27  SCV  
  46  4:34  SCV, Marine  
  51  4:39  SCV  
  51  4:40  Supply Depot  
  52  4:48  Supply Depot  
  52  4:50  SCV  
  52  4:51  Engineering Bay  
  52  4:52  Engineering Bay  
  53  4:53  Engineering Bay  
  53  4:57  SCV  
  54  5:02  Marauder  
  54  5:06  Widow Mine x2  
  58  5:08  SCV  
  36  5:21  SCV  
  36  5:25  SCV  
  36  5:27  SCV  
  31  5:34  SCV  
  30  5:40  SCV  
  28  5:43  SCV  
  28  5:49  Marine  
  29  5:54  SCV  
  29  5:56  Orbital Command  
  30  5:57  SCV  
  30  5:59  Liberator  
  26  6:06  SCV  
  26  6:08  Hellion  
  27  6:19  SCV  
  27  6:22  SCV x2  
  30  6:26  Hellion  
  30  6:31  SCV  
  32  6:34  SCV x2  
  34  6:43  SCV  
  34  6:44  Hellion  
  34  6:46  SCV  
  38  6:48  Marauder  
  38  6:51  SCV  
  41  6:57  SCV  
  41  7:00  SCV  
  42  7:03  SCV  
  36  7:09  SCV  
  36  7:12  SCV  
  36  7:13  Refinery  
  39  7:16  SCV  
Show
View Real Time Build Order
Export as new Build Order

AcerBly Zerg - Winner!

Build Orders: Hatch First, Roach Nydus 

Get SALT Encoding   

  12  0:00  Drone  
  13  0:14  Overlord  
  13  0:21  Drone  
  14  0:33  Drone x2  
  16  0:38  Drone  
  17  0:55  Hatchery  
  16  1:00  Drone  
  16  1:01  Drone  
  16  1:04  Extractor  
  17  1:18  Spawning Pool  
  16  1:22  Drone  
  16  1:24  Drone  
  18  1:30  Drone  
  19  1:40  Overlord  
  19  2:05  Queen  
  19  2:06  Metabolic Boost, Zergling x4  
  23  2:09  Queen  
  23  2:13  Zergling x2  
  26  2:22  Drone x2  
  28  2:35  Drone x2  
  30  2:42  Drone x2  
  32  2:50  Queen  
  34  2:53  Lair  
  34  2:56  Drone  
  34  2:57  Drone  
  36  3:04  Overlord  
  36  3:05  Extractor  
  35  3:06  Drone  
  36  3:22  Drone  
  36  3:23  Drone x5  
  42  3:29  Drone x2  
  42  3:32  Overlord  
  44  3:37  Extractor  
  43  3:50  Drone x4  
  47  4:00  Roach Warren, Nydus Network  
  46  4:02  Drone  
  46  4:03  Drone x3  
  46  4:09  Overlord  
  49  4:13  Overlord  
  47  4:28  Zergling x2  
  47  4:29  Zergling x10  
  52  4:40  Roach  
  52  4:41  Roach x3  
  52  4:45  Nydus Canal  
  60  4:48  Queen  
  60  4:49  Roach  
  60  4:50  Roach  
  66  5:13  Roach  
  66  5:27  Roach x5  
  66  5:32  Roach  
  66  5:37  Queen  
  66  5:39  Queen  
  66  5:41  Nydus Canal  
  64  5:44  Roach  
  66  5:50  Roach  
  66  5:54  Overlord  
  58  6:11  Roach x5  
  58  6:13  Queen  
  58  6:14  Queen  
  70  6:20  Roach x3  
  76  6:25  Overlord  
  76  6:28  Overlord  
  76  6:31  Nydus Canal  
  76  6:32  Overlord  
  76  6:38  Overlord  
  76  6:44  Hatchery  
  76  6:45  Ravager  
  76  6:50  Nydus Canal  
  76  6:51  Ravager x3  
  76  6:54  Queen  
  79  6:56  Roach x3  
  86  7:09  Roach x6  

Tags
 
Add a new tag
Caveats
  • Supply blocks, unpowered buildings, or Contaminate may cause inaccurate times.
  • Supply counts are checked every 10 seconds.